 Dungeon Crawl Stone Soup version 0.28-a0-674-gdaf460b524 (webtiles) character file.

Game seed: 1688608587948345588

1517 rogsnak the Thaumaturge (level 8, -2/50 (59) HPs)
             Began as a Gnoll Hedge Wizard on Oct 17, 2021.
             Was a Follower of Sif Muna.
             Slain by a wight (6 damage)
             ... on level 6 of the Dungeon.
             The game lasted 00:13:58 (7374 turns).

rogsnak the Thaumaturge (Gnoll Hedge Wizard)        Turns: 7374, Time: 00:13:59

HP:   -2/50 (59)    AC: 10    Str: 10    XL:     8   Next: 83%
MP:   20/20         EV: 14    Int: 15    God:    Sif Muna [*.....]
Gold: 326           SH:  0    Dex: 12    Spells: 17/23 levels left

rFire   . . .      SeeInvis .   H - +3 dire flail (protect)
rCold   . . .      Faith    .   (shield currently unavailable)
rNeg    . . .      Spirit   .   b - +0 robe
rPois   .          Reflect  .   l - +0 helmet
rElec   .          Harm     .   (no cloak)
rCorr   .          Rampage  .   (no gloves)
Will    .....                   (no boots)
Stlth   +++.......              (no amulet)
HPRegen 0.16/turn               (no ring)
MPRegen 0.17/turn               (no ring)

@: under a protective aura, heavily drained
A: fangs 1, strong nose, distributed training
a: Renounce Religion, Channel Magic


You were on level 6 of the Dungeon.
You worshipped Sif Muna.
Sif Muna was aware of your devotion.
You visited 2 branches of the dungeon, and saw 7 of its levels.

You collected 326 gold pieces.

Inventory:

Hand Weapons
 d - a +0 rapier
 j - a +0 hunting sling
 t - a +1 short sword of venom
 u - a +0 dagger of protection
 H - a +3 dire flail of protection (weapon)
Missiles
 k - 172 stones
 n - a throwing net
 r - 55 arrows
 z - 54 bolts
 A - 4 javelins
 E - 39 sling bullets
Armour
 b - a +0 robe (worn)
 c - a +0 hat
 l - a +0 helmet (worn)
 y - a +0 buckler
 B - a +2 leather armour of cold resistance
Wands
 G - a wand of iceblast (18)
Scrolls
 a - a scroll of amnesia {unknown}
 f - 2 scrolls of magic mapping {unknown}
 h - 6 scrolls of identify {unknown}
 m - a scroll of holy word {unknown}
 o - 2 scrolls of teleportation {unknown}
 p - a scroll of blinking {unknown}
 v - 2 scrolls of fog {unknown}
 D - 2 scrolls of brand weapon {unknown}
 F - a scroll of fear {unknown}
Potions
 e - a potion of cancellation {unknown}
 g - a potion of curing {unknown}
 i - 4 potions of mutation {unknown}
 q - 2 potions of berserk rage {unknown}
 s - a potion of attraction {unknown}
 w - a potion of ambrosia {unknown}
 x - a potion of might {unknown}
 C - a potion of lignification {unknown}


   Skills:
 + Level 3.6 Fighting
 + Level 3.6 Short Blades
 + Level 3.6 Long Blades
 + Level 3.6 Axes
 + Level 3.6 Maces & Flails
 + Level 3.6 Polearms
 + Level 3.6 Staves
 + Level 3.6 Slings
 + Level 3.6 Bows
 + Level 3.6 Crossbows
 + Level 3.6 Throwing
 + Level 3.6 Armour
 + Level 5.9 Dodging
 + Level 5.6 Stealth
 + Level 3.6 Shields
 + Level 3.6 Unarmed Combat
 + Level 8.1 Spellcasting
 + Level 3.7 Conjurations
 + Level 3.0 Hexes
 + Level 3.7 Summonings
 + Level 3.0 Necromancy
 + Level 3.7 Translocations
 + Level 3.0 Transmutations
 + Level 3.0 Fire Magic
 + Level 3.0 Ice Magic
 + Level 3.0 Air Magic
 + Level 3.0 Earth Magic
 + Level 3.0 Poison Magic
 + Level 4.0 Invocations
 + Level 3.6 Evocations


You had 17 spell levels left.
You knew the following spells:

 Your Spells              Type           Power      Damage    Failure   Level
a - Magic Dart            Conj           68%        1d6       2%          1
b - Blink                 Tloc           N/A        N/A       3%          2
c - Mephitic Cloud        Conj/Pois/Air  15%        N/A       10%         3

Your spell library contained the following spells:

 Spells                   Type           Power      Damage    Failure   Level
 Call Imp                 Summ           17%        N/A       3%          2
 Slow                     Hex            15%        N/A       5%          2
 Conjure Flame            Conj/Fire      16%        6-21      9%          3
 Dazzling Flash           Conj/Hex       32%        N/A       9%          3
 Iskenderun's Mystic Bla  Conj/Tloc      17%        2d5       26%         4
 Starburst                Conj/Fire      8%         6d4       99%         6


Dungeon Overview and Level Annotations

Branches:
Dungeon (6/15)             Temple (1/1) D:4

Altars:
Cheibriados
Dithmenos
Elyvilon
Fedhas
Gozag
Hepliaklqana
Kikubaaqudgha
Makhleb
Nemelex Xobeh
Okawaru
Sif Muna
Trog
Uskayaw
Vehumet
Wu Jian
Yredelemnul
The Shining One

Shops:
D:4 :


Innate Abilities, Weirdness & Mutations

You have very sharp teeth.
Your uncanny sense of smell can sniff out nearby items.
Your experience applies equally to all skills.


Message History

The wight closely misses you. x2
You hit the wight.
The wight is heavily damaged.
The wight misses you.
You barely miss the wight. You bite the wight, but do no damage.
The wight is heavily damaged.
The wight hits you with a +1 mace.
* * * LOW HITPOINT WARNING * * *
You feel drained.
* * * LOW HITPOINT WARNING * * *
Casting: Magic Dart (safe; 2% risk of failure)
Confirm with . or Enter, or press ? or * to list all spells.
Aiming: Magic Dart (safe; 2% risk of failure)
Press: ? - help, Shift-Dir - straight line, f - wight
Aim: a wight, wielding a +1 mace and wearing a +0 robe (heavily damaged, 100% to hit)
The magic dart hits the wight but does no damage.
The wight is heavily damaged.
The wight hits you but does no damage.
You barely miss the wight.
The wight is heavily damaged.
The wight barely misses you.
You barely miss the wight.
The wight is heavily damaged.
The wight misses you.
You closely miss the wight.
The wight is heavily damaged.
The wight hits you with a +1 mace!
* * * LOW HITPOINT WARNING * * *
You feel drained.
* * * LOW HITPOINT WARNING * * *
Unknown command.
You hit the wight.
Your weapon exudes an aura of protection.
The wight is heavily damaged.
The wight hits you but does no damage.
Unknown command.
You closely miss the wight.
The wight is heavily damaged.
The wight hits you with a +1 mace.
You die...

########.#####...##.#
#.# ##.###.# #.# ###
#.# ##'## #z# ##...##
#.# ##.....## #.#
#.......## ..#
#.........####...#
+........@z)......
#.........####...#
##.>.....## #..###
##.....## #..<#
##...## ###.# ##+#
#.# #.# #.# #.#


You could see a wight.

Vanquished Creatures
  A yak (D:5)
  Edmund (D:5)
  Duvessa (D:4)
  2 ice beasts (D:5)
  3 ogres (D:5)
  Dowan (D:4)
  4 wights
  2 centaur zombies (D:5)
  A hound (D:5)
  A jelly (D:4)
  2 iguanas (D:5)
  An orc wizard (D:5)
  2 hound skeletons (D:4)
  4 gnolls (D:2)
  10 adders
  A shadow imp (D:5)
  A white imp (D:5)
  An ufetubus (D:4)
  An adder skeleton (D:4)
  2 worms
  4 dart slugs
  10 orcs
  10 ball pythons
  8 endoplasms
  4 giant cockroaches
  10 hobgoblins
  A jackal (D:5)
  4 kobolds
  6 quokkas
  11 bats
  3 frilled lizards
  14 goblins
  A goblin skeleton (D:5)
  2 goblin zombies (D:5)
  A kobold zombie (D:5)
  An orc skeleton (D:5)
  5 rats
137 creatures vanquished.

Vanquished Creatures (others)
  6 toadstools (D:6)
6 creatures vanquished.

Grand Total: 143 creatures vanquished

Notes
Turn   | Place    | Note
-------+----------+-------------------------------------------
     0 | D:1      | rogsnak the Gnoll Hedge Wizard began the quest for the Orb.
     0 | D:1      | Reached XP level 1. HP: 13/13 MP: 8/8
   165 | D:1      | Reached XP level 2. HP: 19/19 MP: 5/10
   984 | D:1      | Reached XP level 3. HP: 25/25 MP: 9/11
   987 | D:1      | Learned a level 2 spell: Blink
   991 | D:1      | Learned a level 3 spell: Mephitic Cloud
  1201 | D:2      | Reached skill level 1 in Invocations
  1321 | D:2      | Reached skill level 1 in Fighting
  1321 | D:2      | Reached skill level 1 in Short Blades
  1321 | D:2      | Reached skill level 1 in Long Blades
  1321 | D:2      | Reached skill level 1 in Axes
  1321 | D:2      | Reached skill level 1 in Maces & Flails
  1321 | D:2      | Reached skill level 1 in Polearms
  1321 | D:2      | Reached skill level 1 in Staves
  1321 | D:2      | Reached skill level 1 in Slings
  1321 | D:2      | Reached skill level 1 in Bows
  1321 | D:2      | Reached skill level 1 in Crossbows
  1321 | D:2      | Reached skill level 1 in Throwing
  1321 | D:2      | Reached skill level 1 in Armour
  1321 | D:2      | Reached skill level 1 in Shields
  1321 | D:2      | Reached skill level 1 in Unarmed Combat
  1321 | D:2      | Reached skill level 1 in Evocations
  1321 | D:2      | Reached XP level 4. HP: 21/32 MP: 8/13
  1646 | D:2      | Reached skill level 1 in Hexes
  1646 | D:2      | Reached skill level 1 in Necromancy
  1646 | D:2      | Reached skill level 1 in Transmutations
  1646 | D:2      | Reached skill level 1 in Fire Magic
  1646 | D:2      | Reached skill level 1 in Ice Magic
  1646 | D:2      | Reached skill level 1 in Air Magic
  1646 | D:2      | Reached skill level 1 in Earth Magic
  1646 | D:2      | Reached skill level 1 in Poison Magic
  2541 | D:3      | Reached XP level 5. HP: 37/37 MP: 9/14
  3995 | D:4      | Found Kuassiapt's Self-Improvement Boutique.
  4022 | D:4      | Found a shadowy altar of Dithmenos.
  4031 | D:4      | Reached XP level 6. HP: 44/44 MP: 11/16
  4485 | D:4      | Noticed Dowan
  4490 | D:4      | Noticed Duvessa
  4509 | D:4      | Killed Duvessa
  4510 | D:4      | Reached skill level 5 in Dodging
  4756 | D:4      | Killed Dowan
  5094 | D:4      | Reached XP level 7. HP: 50/50 MP: 16/18
  5110 | D:4      | Found a staircase to the Ecumenical Temple.
  5119 | Temple   | Entered the Ecumenical Temple
  5147 | Temple   | Became a worshipper of Sif Muna the Loreminder
  5211 | D:5      | Entered Level 5 of the Dungeon
  5218 | D:5      | Found a sparkling altar of Nemelex Xobeh.
  5221 | D:5      | Found a snail-covered altar of Cheibriados.
  5588 | D:5      | Noticed a yak
  5644 | D:5      | Killed a yak
  5645 | D:5      | Reached skill level 5 in Stealth
  5952 | D:5      | Found a glowing golden altar of the Shining One.
  6048 | D:5      | Reached XP level 8. HP: 47/57 MP: 12/19
  6245 | D:5      | Noticed Edmund
  6410 | D:5      | Reached * piety under Sif Muna
  6511 | D:5      | Found a hide-covered altar of Uskayaw.
  6549 | D:5      | Killed Edmund
  6772 | D:5      | Reached skill level 8 in Spellcasting
  7374 | D:6      | Slain by a wight

Illustrated notes

Levels and vault maps discovered:
D:1:      dpeg_arrival_boxorama, layout_loops_ring
D:2:      minmay_alternating_diamond, layout_basic, st_stairs_4,
          serial_bayou_ford_a
D:3:      layout_basic, minmay_goblin_kobold_house
D:4:      layout_basic, nicolae_dithmenos_the_darkroom,
          minmay_temple_entry_butterflies, corexii_shack,
          nicolae_shop_self_help, uniq_duvessa
D:5:      layout_rooms, nicolae_tso_besieged_by_evil, general_overflow_altar,
          mainiacjoe_overflow_catwalk_spiral, minmay_bent, uniq_edmund
D:6:      cheibrodos_fertilizer, layout_loops_corners,
          mainiacjoe_overflow_large_starburst, kennysheep_generic_room_4,
          uniq_prince_ribbit1
Temple:   minmay_temple_bridge_abc

Skill      XL: |  1  2  3  4  5  6  7  8 |
---------------+-------------------------+-----
Conjurations   | 2 3 |  3.7
Summonings     | 2 3 |  3.7
Translocations | 2 3 |  3.7
Invocations    | 1 2 3 4 |  4.0
Fighting       | 1 2 3 |  3.6
Short Blades   | 1 2 3 |  3.6
Long Blades    | 1 2 3 |  3.6
Axes           | 1 2 3 |  3.6
Maces & Flails | 1 2 3 |  3.6
Polearms       | 1 2 3 |  3.6
Staves         | 1 2 3 |  3.6
Slings         | 1 2 3 |  3.6
Bows           | 1 2 3 |  3.6
Crossbows      | 1 2 3 |  3.6
Throwing       | 1 2 3 |  3.6
Armour         | 1 2 3 |  3.6
Shields        | 1 2 3 |  3.6
Unarmed Combat | 1 2 3 |  3.6
Evocations     | 1 2 3 |  3.6
Hexes          | 1 2 3 |  3.0
Necromancy     | 1 2 3 |  3.0
Transmutations | 1 2 3 |  3.0
Fire Magic     | 1 2 3 |  3.0
Ice Magic      | 1 2 3 |  3.0
Air Magic      | 1 2 3 |  3.0
Earth Magic    | 1 2 3 |  3.0
Poison Magic   | 1 2 3 |  3.0
Dodging        | 5 |  5.9
Stealth        | 5 |  5.6
Spellcasting   | 8 |  8.1

Action                   |  1- 3 |  4- 6 |  7- 9 || total
-------------------------+-------+-------+-------++-------
Melee: Rapier            |    29 |    51 |       ||    80
       Bite              |     2 |    12 |    17 ||    31
       Short sword       |       |    92 |    86 ||   178
       Dagger            |       |       |    20 ||    20
       Punch             |       |       |     1 ||     1
       Dire flail        |       |       |    50 ||    50
 Cast: Magic Dart        |    60 |   104 |    51 ||   215
       Mephitic Cloud    |       |     4 |     9 ||    13
       Blink             |       |       |     1 ||     1
 Stab: Sleeping          |       |     7 |     1 ||     8
       Confused          |       |     2 |     3 ||     5
Armor: Robe              |     8 |    26 |    36 ||    70
Dodge: Dodged            |    24 |   105 |   111 ||   240

Table legend: (Time is in decaauts)
 A = Elapsed time spent in this place.
 B = Non-inter-level travel time spent in this place.
 C = Inter-level travel time spent in this place.
 D = Time resting spent in this place.
 E = Time spent auto-exploring this place.
 F = Levels seen in this place.
 G = Mean time per level.
                   A        B        C        D        E       F      G
               +--------+--------+--------+--------+--------+-----+--------+
         Total |   7403 |   7242 |    161 |   1561 |   4208 |   7 | 1057.6 |
       Dungeon |   7354 |   7193 |    161 |   1561 |   4198 |   6 | 1225.7 |
        Temple |     48 |     48 |      0 |      0 |     10 |   1 |   48.0 |
               +--------+--------+--------+--------+--------+-----+--------+

Top non-repeatable levels by time:
     D:5: 1906 daAuts
     D:3: 1411 daAuts
     D:4: 1352 daAuts
     D:2: 1297 daAuts
     D:1: 1265 daAuts
     D:6: 121 daAuts
  Temple: 48 daAuts
